 Dungeon Crawl Stone Soup version 0.27-a0-1105-g946c659c87 (webtiles) character file.

Game seed: 13248953223177414490

427 kae the Chopper (level 6, -23/56 HPs)
             Began as a Hill Orc Fighter on Apr 29, 2021.
             Annihilated by a two-headed ogre
             ... wielding a +0 great mace
              (28 damage)
             ... on level 3 of the Dungeon.
             The game lasted 00:02:44 (4199 turns).

kae the Chopper (Hill Orc Fighter)                  Turns: 4199, Time: 00:02:45

Health: -23/56     AC:  9    Str: 21    XL:     6   Next: 97%
Magic:  6/6        EV:  7    Int:  8    God:
Gold:   133        SH:  9    Dex: 10    Spells: 5/5 levels left

rFire    . . .     SeeInvis .   a - +0 war axe
rCold    . . .     Faith    .   c - +0 kite shield
rNeg     . . .     Spirit   .   b - +1 scale mail
rPois    .         Reflect  .   (no helmet)
rElec    .         Harm     .   o - +0 cloak
rCorr    .         Rampage  .   (no gloves)
Will     .....                  (no boots)
Stlth    ..........             e - amulet of magic regeneration
HPRegen  0.18/turn              (no ring)
MPRegen  0.35/turn              (no ring)

@: no status effects
A: no striking features
a: no special abilities


You were on level 3 of the Dungeon.
You visited 1 branch of the dungeon, and saw 4 of its levels.

You collected 133 gold pieces.

Inventory:

Hand Weapons
 a - a +0 war axe (weapon)
Armour
 b - a +1 scale mail (worn)
 c - a +0 kite shield (worn)
 o - a +0 cloak (worn)
Jewellery
 e - an amulet of magic regeneration (around neck)
 m - a ring of resist corrosion
Wands
 d - a wand of flame (12)
Scrolls
 n - a scroll of enchant armour
Potions
 f - a potion of degeneration
 g - a potion of mutation
 h - 2 potions of haste
 i - 2 potions of magic
 j - a potion of brilliance {unknown}
 k - a potion of cancellation {unknown}
 l - 2 potions of attraction {unknown}
 p - a potion of might
 r - a potion of curing


   Skills:
 + Level 5.4 Fighting
 * Level 7.0 Axes
 + Level 5.0 Armour
 - Level 3.2 Shields


You had 5 spell levels left.
You didn't know any spells.
Your spell library was empty.

Dungeon Overview and Level Annotations

Branches:
Dungeon (4/15)
 Temple: D:4-7

Altars:
Wu Jian

Shops:
D:1 :

Annotations:
D:4 Sigmund


Message History

Press: ? - help, Shift-Dir - straight line, f/p - two-headed ogre
Aim: a two-headed ogre, wielding a +0 great mace and a +2 dire flail of protection (lightly wounded, 85% to hit)
The puff of flame hits the two-headed ogre.
The two-headed ogre is lightly wounded.
Aiming: Throw Flame
Press: ? - help, Shift-Dir - straight line, f/p - two-headed ogre
Aim: a two-headed ogre, wielding a +0 great mace and a +2 dire flail of protection (lightly wounded, 85% to hit)
The puff of flame hits the two-headed ogre but does no damage.
The two-headed ogre is lightly wounded.
Aiming: Throw Flame
Press: ? - help, Shift-Dir - straight line, f/p - two-headed ogre
Aim: a two-headed ogre, wielding a +0 great mace and a +2 dire flail of protection (lightly wounded, 85% to hit)
The puff of flame hits the two-headed ogre.
The two-headed ogre is moderately wounded.
You block the two-headed ogre's attack.
The two-headed ogre hits you with a +2 dire flail of protection!
You climb upwards.
There is a stone staircase leading down here.
You hit the two-headed ogre.
The two-headed ogre is moderately wounded.
The two-headed ogre hits you with a +0 great mace!
The two-headed ogre hits you with a +2 dire flail of protection.
You hit the two-headed ogre.
The two-headed ogre is moderately wounded.
The two-headed ogre hits you with a +0 great mace!
The two-headed ogre hits you with a +2 dire flail of protection!
* * * LOW HITPOINT WARNING * * *
You closely miss the two-headed ogre.
The two-headed ogre is moderately wounded.
The two-headed ogre closely misses you.
The two-headed ogre hits you with a +2 dire flail of protection!
* * * LOW HITPOINT WARNING * * *
Your shield and scale mail prevent you from hitting the two-headed ogre.
The two-headed ogre is moderately wounded.
You block the two-headed ogre's attack. x2
You hit the two-headed ogre but do no damage.
The two-headed ogre is moderately wounded.
The two-headed ogre hits you with a +0 great mace!!
Ouch! That really hurt!
You die...

....# #..# #.....#...#..####.##.#
.#### #..###.#..........##.#.##.#
.# #..........##..#..##.#.##.. .#
#..............#..##.#.##.# .#
#......#...###.#..##.#.##.# .#
#.[###.#...# #............# .#
#..# #.##..# #.##.##.#.####
.######..###.##..# #.##.##.###
.............##O@# ####.##.#
.........######..# #.##.#
#######..######..######.##.###
.......(.....................####
.######.#######..######.##.......
.# #.# #..# #.######### .# #.#
#..######.### # .#
#.#######........<..# # .#
#...................# #


You could see a two-headed ogre.

Vanquished Creatures
  Blork the orc (D:4)
  A scorpion (D:3)
  A jelly (D:3)
  2 hounds
  Ijyb (D:3)
  Natasha (twice) (D:3)
  3 adders
  A howler monkey skeleton (D:4)
  An ufetubus (D:4)
  3 worms
  3 dart slugs
  An orc (D:4)
  5 ball pythons
  6 endoplasms
  4 giant cockroaches
  8 goblins
  6 hobgoblins
  9 jackals
  6 kobolds
  4 quokkas
  2 bats (D:1)
  6 frilled lizards
  10 rats
86 creatures vanquished.

Notes
Turn   | Place    | Note
-------+----------+-------------------------------------------
     0 | D:1      | kae the Hill Orc Fighter began the quest for the Orb.
     0 | D:1      | Reached XP level 1. HP: 19/19 MP: 1/1
   118 | D:1      | Reached skill level 3 in Axes
   138 | D:1      | Found Yrhusiot's Book Shoppe.
   143 | D:1      | Reached XP level 2. HP: 27/27 MP: 2/2
   565 | D:1      | Reached XP level 3. HP: 32/33 MP: 3/3
   662 | D:1      | Reached skill level 4 in Axes
   712 | D:1      | Found a faded altar of an unknown god.
  1147 | D:2      | Reached XP level 4. HP: 38/40 MP: 4/4
  1814 | D:3      | Noticed Ijyb
  1827 | D:3      | Killed Ijyb
  1828 | D:3      | Reached skill level 5 in Axes
  1828 | D:3      | Reached XP level 5. HP: 33/47 MP: 5/5
  1853 | D:3      | Noticed Natasha
  1858 | D:3      | Killed Natasha
  2098 | D:3      | Reached skill level 5 in Fighting
  2098 | D:3      | Reached skill level 6 in Axes
  2098 | D:3      | Reached XP level 6. HP: 22/56 MP: 6/6
  2843 | D:3      | Noticed Natasha
  2853 | D:3      | Killed Natasha
  3392 | D:4      | Found an ornate altar of the Wu Jian Council.
  3410 | D:4      | Noticed Blork the orc
  3419 | D:4      | Killed Blork the orc
  3852 | D:4      | Reached skill level 5 in Armour
  4006 | D:4      | Reached skill level 7 in Axes
  4145 | D:4      | Noticed a two-headed ogre
  4145 | D:4      | Noticed an orc warrior
  4145 | D:4      | Noticed Sigmund
  4199 | D:3      | Annihilated by a two-headed ogre

Illustrated notes

Levels and vault maps discovered:
D:1:      kennysheep_arrival_forest, layout_rooms,
          hellmonk_ecumenical_altar_crossroads, serial_shops,
          nicolae_shop_crystal, hangedman_decor_riveting
D:2:      layout_basic
D:3:      layout_basic, uniq_ijyb, uniq_natasha
D:4:      cheibrodos_barr_body, layout_loops_ring, general_overflow_altar,
          minmay_crystal_room, kennysheep_generic_room_11, uniq_blork_the_orc,
          uniq_sigmund

Skill      XL: |  1  2  3  4  5  6 |
---------------+-------------------+-----
Axes           | 3 4 5 6 7 |  7.0
Fighting       | 4 5 |  5.4
Armour         | 4 5 |  5.0
Shields        | |  3.2

Action                   |  1- 3 |  4- 6 || total
-------------------------+-------+-------++-------
Melee: War axe           |    87 |   160 ||   247
Evoke: Wand              |       |     5 ||     5
  Use: Scroll            |     2 |    10 ||    12
       Potion            |       |     2 ||     2
Armor: Scale mail        |    40 |    62 ||   102
Dodge: Dodged            |    31 |    28 ||    59
Block: Kite shield       |    51 |    71 ||   122

Table legend: (Time is in decaauts)
 A = Elapsed time spent in this place.
 B = Non-inter-level travel time spent in this place.
 C = Inter-level travel time spent in this place.
 D = Time resting spent in this place.
 E = Time spent auto-exploring this place.
 F = Levels seen in this place.
 G = Mean time per level.
                   A        B        C        D        E       F      G
               +--------+--------+--------+--------+--------+-----+--------+
         Total |   4320 |   4218 |    102 |     59 |   3463 |   4 | 1080.0 |
       Dungeon |   4320 |   4218 |    102 |     59 |   3463 |   4 | 1080.0 |
               +--------+--------+--------+--------+--------+-----+--------+

Top non-repeatable levels by time:
     D:2: 1218 daAuts
     D:1: 1095 daAuts
     D:3: 1052 daAuts
     D:4: 953 daAuts
